 Dungeon Crawl Stone Soup version 0.17-a0-1635-gd4e48f1 (webtiles) character file.

275 maniek23 the Stinger (level 6, -6/52 HPs)
             Began as a Naga Venom Mage on Aug 4, 2015.
             Mangled by a phantom (8 damage)
             ... on level 4 of the Dungeon.
             The game lasted 00:27:06 (3396 turns).

maniek23 the Stinger (Naga Venom Mage)              Turns: 3396, Time: 00:27:06

Health: -6/52      AC:  4    Str: 12    XL:     6   Next: 25%
Magic:  7/10       EV: 10    Int: 15    God:
Gold:   173        SH:  0    Dex: 12    Spells: 3 memorised, 5 levels left

rFire  . . .     SeeInvis +     p - +1 quarterstaff
rCold  . . .     Clarity  .     n - -1 robe (curse)
rNeg   . . .     SustAt   .     (no shield)
rPois  +         Gourm    .     g - +0 helmet
rElec  .         Spirit   .     d - +0 cloak
rCorr  .         Warding  .     (no gloves)
rMut   .         Rnd*Tele +     (no barding)
MR     .....                    (no amulet)
Stlth  +++.......               (no ring)
                                l - ring of teleportation

@: very slightly contaminated, very slow, not resistant to hostile enchantments,
fairly stealthy
A: see invisible, deformed body, poison resistance, slowness 2, slow metabolism
1, spit poison 2, AC +2
a: Spit Poison, Evoke Teleportation


You were on level 4 of the Dungeon.
You were very hungry.

You visited 1 branch of the dungeon, and saw 4 of its levels.

You collected 173 gold pieces.

Inventory:

Hand weapons
 p - a +1 quarterstaff (weapon)
Armour
 a - a +0 robe
 d - a +0 cloak (worn)
 e - a +0 shield
 g - a +0 helmet (worn)
 m - a +2 ring mail of cold resistance
 n - a cursed -1 robe (worn)
 x - a +3 leather armour of cold resistance
Magical staves
 h - an uncursed staff of death
Jewellery
 f - a +6 ring of dexterity {unknown}
 l - a ring of teleportation (left hand)
 y - an uncursed ring of protection from magic {unknown}
Scrolls
 j - 2 scrolls of random uselessness
 q - a scroll of remove curse
 s - a scroll of fog {unknown}
 t - a scroll of blinking
 w - 2 scrolls of identify
Potions
 i - a potion of resistance {unknown}
 k - 2 potions of degeneration {unknown}
 o - 3 potions of curing {unknown}
 u - a potion of brilliance {unknown}
 v - a potion of poison {unknown}
 z - a potion of cancellation {unknown}
Books
 b - a Young Poisoner's Handbook

   Spells                             Type                      Level
   a - Sting                          Conjuration/Poison           1
   b - Cure Poison                    Poison                       2
   c - Mephitic Cloud                 Conjuration/Poison/Air       3
   d - Olgreb's Toxic Radiance        Poison                       4
   e - Venom Bolt                     Conjuration/Poison           5
Comestibles
 c - 4 bread rations
 r - 4 meat rations
 A - a chunk of flesh


   Skills:
 + Level 1.8 Fighting
 + Level 2.7 Dodging
 + Level 5.0 Stealth
 - Level 0.2 Unarmed Combat
 + Level 3.0 Spellcasting
 + Level 1.0 Conjurations
 + Level 1.2 Air Magic
 + Level 6.2 Poison Magic
 + Level 0.4 Evocations


You had 5 spell levels left.
You knew the following spells:

 Your Spells              Type           Power        Failure   Level  Hunger
a - Sting                 Conj/Pois      ##..         6%          1    #......
b - Cure Poison           Pois           ###.......   2%          2    ##.....
c - Mephitic Cloud        Conj/Pois/Air  ##......     21%         3    ###....


Dungeon Overview and Level Annotations

Branches:
Dungeon (4/15)
 Temple: D:4-7

Altars:


Innate Abilities, Weirdness & Mutations

You cannot wear boots.
Your serpentine skin is tough (AC +2).
You have supernaturally acute eyesight.
Armour fits poorly on your strangely shaped body.
Your system is resistant to poisons.
You cover ground very slowly.
You have a slow metabolism.
You can spit poison.


Message History

There is an open door here.
The phantom barely misses you. The phantom hits you.
* * * LOW HITPOINT WARNING * * *
A hound comes into view.
There is an open door here.
The phantom hits you!
* * * LOW HITPOINT WARNING * * *
Read which item? (? for menu, Esc to quit)
Okay, then.
Use which ability? (? or * to list)
Okay, then.
Put on which piece of jewellery? (? for menu, Esc to quit)
You feel slightly jumpy.
l - a ring of teleportation (left hand) Use which ability? (? or * to list)
Okay, then.
Use which ability? (? or * to list)
You fail to use your ability.
The phantom hits you!
You die...

#...#.....#...#.....##'###
#+#####..#.....#...###'##.....#
#....##..'.....#...##...+.....###
.........#.....#...##...#........
.....##..#.....#....#...#........
.....##+##.....#....+...###+##...
#....##..'.....#...##........+...
#....##..#.....#...##........#...
#....##..#.....'@.......##'###...
#....###+#.....#.W.###'##........
#........#.....###'##...#.....###
#........#.....#...##...'.....#
+........#.....+........#.....#
#........#.....#...###+##.....#
#........+.....#...# ..##+#.#
.....##+##.....#...+ ... ..#
###'##........ #+### ... ..#


You could see a phantom.

Vanquished Creatures
  A gnoll shaman (D:3)
  Ijyb (D:2)
  2 worker ants (D:4)
  7 gnolls
  2 adders
  An ooze (D:1)
  3 worms (D:2)
  3 giant geckos
  6 orcs (D:3)
  A ball python (D:2)
  3 giant cockroaches
  7 goblins
  4 hobgoblins
  11 jackals
  3 kobolds
  2 quokkas
  4 bats
  4 giant newts
  7 rats
72 creatures vanquished.

Notes
Turn   | Place    | Note
--------------------------------------------------------------
     0 | D:1      | maniek23 the Naga Venom Mage began the quest for the Orb.
     0 | D:1      | Reached XP level 1. HP: 15/15 MP: 3/3
   135 | D:1      | Reached XP level 2. HP: 22/22 MP: 5/5
   307 | D:1      | Learned a level 2 spell: Cure Poison
  1004 | D:2      | Reached XP level 3. HP: 28/28 MP: 6/6
  1227 | D:2      | Noticed Ijyb
  1254 | D:2      | Killed Ijyb
  1254 | D:2      | Reached skill level 1 in Fighting
  1254 | D:2      | Reached XP level 4. HP: 20/38 MP: 5/7
  1604 | D:2      | Learned a level 3 spell: Mephitic Cloud
  1620 | D:2      | Reached skill level 6 in Poison Magic
  2009 | D:3      | Reached XP level 5. HP: 42/44 MP: 4/8
  2358 | D:3      | Reached skill level 1 in Conjurations
  3064 | D:4      | Reached XP level 6. HP: 41/52 MP: 7/10
  3201 | D:4      | Reached skill level 5 in Stealth
  3322 | D:4      | Noticed a phantom
  3337 | D:4      | Reached skill level 1 in Air Magic
  3394 | D:4      | HP: 2/52 [phantom (7)]
  3396 | D:4      | Mangled by a phantom

Vault maps used:
D:1:      dpeg_arrival_lava_altar, st_stairs_7
D:2:      uniq_iyjb
D:3:      first_bread
D:4:      serial_shops, nicolae_shop_statue_plus

Action                   |  1- 3 |  4- 6 || total
-------------------------+-------+-------++-------
Melee: Unarmed           |    28 |       ||    28
       Quarterstaff      |    20 |    76 ||    96
 Cast: Sting             |    30 |    47 ||    77
       Mephitic Cloud    |       |     1 ||     1
 Abil: Spit Poison       |    20 |    38 ||    58
       Evoke Teleportati |       |     2 ||     2
  Use: Scroll            |       |     7 ||     7
 Stab: Sleeping          |     1 |       ||     1
  Eat: Chunk             |     2 |     4 ||     6
       Royal jelly       |       |     2 ||     2
